cohdb
Replays
Latest Replays
All Replays
Popular Replays
Top Player Replays
Match Explorer
How It Works
Community
CoH3 Stats
Reddit
Sign in to upload your games and track your stats! →
Sign in with Steam
Match 36073216
Unlisted
Match 36073216
Overview
Messages
Build Orders
End
Construct Section Command Post
Infantry Section
Dingo Light Scout Car
Vickers Machine Gun Team
Infantry Section
Grenade Package
Construct Platoon Command Post
CMP 15cwt Truck
6-pounder Anti-tank Gun Team
Selects Air and Sea Battlegroup
Selects Supply Surplus
Construct Resource Cache
Construct Company Command Post
Selects Centaur Medium Tank
Foot Guards Section
Crusader II Medium Tank
Royal Engineer Section
Unlock M3 Grant Medium Tanks
Selects Naval Bombardment
M3 Grant Medium Tank
Armored Vehicle Training
Naval Bombardment
Selects Commando Section Paradrop
Selects M1 Pack Howitzer Paradrop
M3 Grant Medium Tank
Unlock Bishop Self-propelled Artillery
大馋猫-player
Cen
小明
Fol20
RockReborn
matrix4x4
0
0
Comments
sign in to comment!
No comments posted yet!